 Dungeon Crawl Stone Soup version 0.27-a0-1245-g940ed4fa31 (webtiles) character file.

Game seed: 12097785406384827067

102 porpoise the Skirmisher (level 5, 0/43 HPs)
             Began as a Formicid Abyssal Knight on June 9, 2021.
             Was a Believer of Lugonu.
             Slain by an iguana (12 damage)
             ... on level 4 of the Dungeon.
             The game lasted 00:07:01 (2580 turns).

porpoise the Skirmisher (Formicid Abyssal Knight)   Turns: 2580, Time: 00:07:02

Health: 0/43       AC:  3    Str: 17    XL:     5   Next: 6%
Magic:  6/6        EV: 11    Int: 12    God:    Lugonu [**....]
Gold:   111        SH:  0    Dex: 10    Spells: 4/4 levels left

rFire    . . .     SeeInvis +   a - +2 whip (elec)
rCold    . . .     Faith    .   (no shield)
rNeg     . . .     Spirit   .   o - +0 leather armour {rPois}
rPois    +         Reflect  .   (helmet unavailable)
rElec    .         Harm     .   (no cloak)
rCorr    .         Rampage  .   (no gloves)
Will     .....                  (no boots)
Stlth    +.........             (no amulet)
HPRegen  0.14/turn              (no ring)
MPRegen  0.10/turn              (no ring)

@: no status effects
A: permanent stasis, dig shafts and tunnels, antennae 3, four strong arms
a: Dig, Shaft Self, Renounce Religion, Depart the Abyss, Bend Space


You were on level 4 of the Dungeon.
You worshipped Lugonu.
Lugonu was pleased with you.
You visited 1 branch of the dungeon, and saw 4 of its levels.
You visited the Abyss 1 time.

You collected 111 gold pieces.

Inventory:

Hand Weapons
 a - a +2 whip of electrocution (weapon)
 m - a +1 spear
Missiles
 d - 63 stones
 l - 24 arrows
 q - 21 poisoned darts
 r - 5 boomerangs
 s - 19 bolts
Armour
 h - a +0 ring mail
 o - a +0 leather armour of poison resistance (worn)
Jewellery
 j - a ring of ice
Scrolls
 b - a scroll of enchant armour {unknown}
 c - 2 scrolls of fear {unknown}
 e - 2 scrolls of identify {unknown}
 p - a scroll of magic mapping {unknown}
 t - a scroll of teleportation {unknown}
 v - a scroll of noise {unknown}
 x - a scroll of holy word {unknown}
Potions
 f - a potion of ambrosia {unknown}
 g - a potion of degeneration {unknown}
 i - a potion of mutation {unknown}
 k - a potion of curing {unknown}
 n - a potion of might {unknown}
 u - a potion of flight {unknown}
 w - a potion of brilliance {unknown}


   Skills:
 + Level 4.7 Fighting
 + Level 3.6 Polearms
 - Level 2.1 Armour
 - Level 0.8 Dodging
 - Level 2.1 Invocations


You had 4 spell levels left.
You didn't know any spells.
Your spell library was empty.

Dungeon Overview and Level Annotations

Branches:
Dungeon (4/15)
 Temple: D:4-7

Altars:


Innate Abilities, Weirdness & Mutations

You cannot be hasted, slowed, berserked, paralysed or teleported.
You can dig through walls and to a lower floor.
You have a pair of large antennae on your head. (SInv)
Your four strong arms can wield two-handed weapons with a shield.


Message History

There is an open door here.
There is an open door here.
x - a scroll labelled KITZUKH CYKA Done exploring.
Okay, then.
(D) Dungeon
Where to? (Enter - D:3, ? - help)
There is a stone staircase leading down here.
You climb downwards.
An iguana comes into view.
The iguana hisses angrily.
There is a stone staircase leading up here.
You hit the iguana but do no damage. The iguana barely misses you.
You hit the iguana.
The iguana is lightly wounded.
The iguana bites you!
You barely miss the iguana.
The iguana is lightly wounded.
The iguana closely misses you.
You hit the iguana.
The iguana is heavily wounded.
The iguana bites you!
You barely miss the iguana.
The iguana is heavily wounded.
The iguana bites you but does no damage.
You hit the iguana but do no damage.
The iguana is heavily wounded.
The iguana closely misses you.
You closely miss the iguana.
The iguana is heavily wounded.
The iguana hisses menacingly.
The iguana bites you!
You barely miss the iguana.
The iguana is heavily wounded.
The iguana bites you.
* * * LOW HITPOINT WARNING * * *
You completely miss the iguana.
The iguana is heavily wounded.
The iguana bites you!
You die... { { .##########.# .......@l...# ##.##.#####.# #

You could see an iguana.

Vanquished Creatures
  5 adders
  A worm (D:3)
  2 dart slugs (D:3)
  5 orcs (D:3)
  5 ball pythons
  An endoplasm (D:1)
  2 giant cockroaches (D:2)
  2 hobgoblins
  2 jackals (D:2)
  9 kobolds
  A quokka (D:3)
  2 bats
  A frilled lizard (D:1)
  5 goblins
  3 rats
46 creatures vanquished.

Notes
Turn   | Place    | Note
-------+----------+-------------------------------------------
     0 | Abyss:1  | porpoise the Formicid Abyssal Knight began the quest for
                  | the Orb.
     0 | Abyss:1  | Reached XP level 1. HP: 18/18 MP: 2/2
    10 | D:1      | Escaped the Abyss
   304 | D:1      | Noticed an eye of devastation
   306 | D:1      | Noticed an eye of devastation
   308 | D:1      | Found a faded altar of an unknown god.
   312 | D:1      | Noticed an eye of devastation
   313 | D:1      | Noticed a shining eye
   624 | D:1      | Reached XP level 2. HP: 24/24 MP: 3/3
   944 | D:1      | Reached XP level 3. HP: 29/30 MP: 4/4
   985 | D:2      | Reached skill level 4 in Fighting
  1089 | D:2      | Reached XP level 4. HP: 7/37 MP: 5/5
  1092 | D:2      | Reached ** piety under Lugonu
  2181 | D:3      | Reached XP level 5. HP: 41/43 MP: 6/6
  2580 | D:4      | Slain by an iguana

Illustrated notes

Levels and vault maps discovered:
D:1:      lightli_arrival_statue_moat, layout_basic,
          hellmonk_ecumenical_altar_watching_god
D:2:      layout_rooms
D:3:      layout_basic
D:4:      layout_loops_ring, minmay_temple_entry_mist, grunt_tough_drop

Skill      XL: |  1  2  3 |
---------------+----------+-----
Fighting       | 4 |  4.7
Polearms       | 3 |  3.6
Armour         | |  2.1
Dodging        | |  0.8
Invocations    | |  2.1

Action                   |  1- 3 |  4- 6 || total
-------------------------+-------+-------++-------
Melee: Spear             |    17 |       ||    17
       Whip              |    44 |    72 ||   116
Armor: Leather armour    |     1 |    18 ||    19
       Ring mail         |    20 |     3 ||    23
Dodge: Dodged            |    31 |    32 ||    63

Table legend: (Time is in decaauts)
 A = Elapsed time spent in this place.
 B = Non-inter-level travel time spent in this place.
 C = Inter-level travel time spent in this place.
 D = Time resting spent in this place.
 E = Time spent auto-exploring this place.
 F = Levels seen in this place.
 G = Mean time per level.
                   A        B        C        D        E       F      G
               +--------+--------+--------+--------+--------+-----+--------+
         Total |   2591 |   2540 |     51 |    539 |   1573 |   5 |  518.2 |
       Dungeon |   2581 |   2530 |     51 |    539 |   1569 |   4 |  645.2 |
         Abyss |     10 |     10 |      0 |      0 |      4 |   1 |   10.0 |
               +--------+--------+--------+--------+--------+-----+--------+

Top non-repeatable levels by time:
     D:1: 936 daAuts
     D:2: 855 daAuts
     D:3: 781 daAuts
 Abyss:1: 10 daAuts
     D:4: 9 daAuts
